MID
QUAD CITIES RIVER BANDITS @ CLINTON LUMBERKINGS
05/18/2048
 
TOP OF THE 1ST
Quad Cities River Bandits batting - Pitching for Clinton LumberKings : LHP Carlos Munoz
Pitching: LHP Carlos Munoz
Batting: RHB Sean Mounts 0-0: Foul Ball, location: 2F
0-1: Ball
1-1: Foul Ball, location: 2F
1-2: Fly out, F3 (Popup, 3S, EV 70.0 MPH)
Batting: LHB Daigo Ishii 0-0: Ball
1-0: Ball
2-0: Ground out U3 (Groundball, 3L, EV 99.4 MPH)
Batting: LHB Danny Wolver 0-0: Foul Ball, location: 2F
0-1: Ball
1-1: Foul Ball, location: 2F
1-2: Ball
2-2: Strikes out swinging
Top of the 1st over - 0 runs, 0 hits, 0 errors, 0 left on base; Quad Cities 0 - Clinton 0
BOTTOM OF THE 1ST
Clinton LumberKings batting - Pitching for Quad Cities River Bandits : RHP Alexander Hagan
Pitching: RHP Alexander Hagan
Batting: RHB Antonio Oyola 0-0: Ball
1-0: Ball
2-0: Ball
3-0: Called Strike
3-1: Called Strike
3-2: Fly out, F8 (Flyball, 8LS, EV 93.8 MPH)
Batting: LHB Josh Gottlieb 0-0: Ball
1-0: Foul Ball, location: 2F
1-1: Ball
2-1: Ball
3-1: Called Strike
3-2: Ground out 1-3 (Groundball, 13S, EV 65.0 MPH)
Batting: LHB Jason Kinney 0-0: Called Strike
0-1: Foul Ball, location: 2F
0-2: SINGLE (Line Drive, 34D, EV 106.9 MPH)
Batting: RHB Kinzo Yokoyama 0-0: Ball
1-0: Foul Ball, location: 2F
1-1: Fly out, F8 (Flyball, 8LXD, EV 96.2 MPH)
Bottom of the 1st over - 0 runs, 1 hit, 0 errors, 1 left on base; Quad Cities 0 - Clinton 0
TOP OF THE 2ND
Quad Cities River Bandits batting - Pitching for Clinton LumberKings : LHP Carlos Munoz
Batting: RHB Andrew Pride 0-0: Ball
1-0: SOLO HOME RUN (Line Drive, 78XD, EV 113.1 MPH), Distance : 443 ft
Batting: RHB Kieron Clark 0-0: Swinging Strike
0-1: Ball
1-1: Hit by Pitch
Batting: LHB Fernando Gomez 0-0: Ball
1-0: Called Strike
1-1: Called Strike
1-2: Ball
Wild Pitch!
Kieron Clark to second
2-2: Ball
3-2: Ground out 4-3 (Groundball, 34, EV 101.2 MPH)
Kieron Clark to third
Batting: RHB Reginald McDougall 0-0: Ball
1-0: Swinging Strike
1-1: Called Strike
1-2: Strikes out swinging
Batting: RHB Lee Wright 0-0: Called Strike
0-1: Called Strike
0-2: Ball
1-2: Ball
2-2: Ball
3-2: Ground out 6-3 (Groundball, 6, EV 98.8 MPH)
Top of the 2nd over - 1 run, 1 hit, 0 errors, 1 left on base; Quad Cities 1 - Clinton 0
BOTTOM OF THE 2ND
Clinton LumberKings batting - Pitching for Quad Cities River Bandits : RHP Alexander Hagan
Batting: SHB Frank Amato 0-0: Called Strike
0-1: DOUBLE (Flyball, 89D, EV 108.1 MPH)
Batting: RHB Tze-meng Li 0-0: Called Strike
0-1: Ball
1-1: Called Strike
1-2: Ball
Wild Pitch!
Frank Amato to third
2-2: Ball
3-2: DOUBLE (Line Drive, 89D, EV 110.6 MPH)
Frank Amato scores
Batting: RHB Jung-wan Aan 0-0: Ball
1-0: Ball
2-0: Called Strike
2-1: Ball
3-1: Called Strike
3-2: Strikes out swinging
Batting: RHB Bryan Shuller 0-0: Ball
1-0: Ground out 6-3 (Groundball, 6, EV 109.4 MPH)
Batting: RHB David Greene 0-0: Called Strike
0-1: Swinging Strike
0-2: Reached on error, E6 (Groundball, 6, EV 92.5 MPH)
Tze-meng Li to third
Batting: RHB Antonio Oyola 0-0: Called Strike
0-1: Swinging Strike
0-2: Ball
1-2: Ball
2-2: Foul Ball, location: 2F
2-2: SINGLE (Line Drive, 7LM, EV 98.1 MPH)
Tze-meng Li scores
David Greene to second
Runner from 2nd tries for 3rd, SAFE, throw by LF made to third
Batting: LHB Josh Gottlieb 0-0: Called Strike
0-1: Ball
1-1: Ball
2-1: Swinging Strike
2-2: Ball
3-2: SINGLE (Line Drive, 8LS, EV 90.6 MPH)
David Greene scores
Antonio Oyola to second
Antonio Oyola to third
Batting: LHB Jason Kinney 0-0: Ball
1-0: Fly out, F8 (Flyball, 8RXD, EV 90.6 MPH)
Bottom of the 2nd over - 3 runs, 4 hits, 1 error, 2 left on base; Quad Cities 1 - Clinton 3
TOP OF THE 3RD
Quad Cities River Bandits batting - Pitching for Clinton LumberKings : LHP Carlos Munoz
Batting: LHB Bob Govella 0-0: Foul Ball, location: 2F
0-1: Ball
1-1: Foul Ball, location: 3F, Error on foul ball, E3
1-2: Ball
2-2: Foul Ball, location: 2F
2-2: Foul Ball, location: 2F
2-2: Ground out 6-3 (Groundball, 6MS, EV 86.9 MPH)
Batting: RHB Sean Mounts 0-0: Foul Ball, location: 2F
0-1: Foul Ball, location: 2F
0-2: Ball
1-2: Foul Ball, location: 2F
1-2: Ball
2-2: Strikes out swinging
Batting: LHB Daigo Ishii 0-0: Ball
1-0: Swinging Strike
1-1: Called Strike
1-2: Strikes out swinging
Top of the 3rd over - 0 runs, 0 hits, 1 error, 0 left on base; Quad Cities 1 - Clinton 3
BOTTOM OF THE 3RD
Clinton LumberKings batting - Pitching for Quad Cities River Bandits : RHP Alexander Hagan
Batting: RHB Kinzo Yokoyama 0-0: Ball
1-0: Fly out, F7 (Flyball, 7LM, EV 97.5 MPH)
Batting: SHB Frank Amato 0-0: Foul Ball, location: 2F
0-1: Foul Ball, location: 2F
0-2: Ball
1-2: Ground out 5-3 (Groundball, 56, EV 106.2 MPH)
Batting: RHB Tze-meng Li 0-0: Foul Ball, location: 2F
0-1: Called Strike
0-2: Ball
1-2: Strikes out swinging
Bottom of the 3rd over - 0 runs, 0 hits, 0 errors, 0 left on base; Quad Cities 1 - Clinton 3
TOP OF THE 4TH
Quad Cities River Bandits batting - Pitching for Clinton LumberKings : LHP Carlos Munoz
Batting: LHB Danny Wolver 0-0: Ball
1-0: Called Strike
1-1: Ball
2-1: Ground out 6-3 (Groundball, 6M, EV 103.8 MPH)
Batting: RHB Andrew Pride 0-0: Ground out U3 (Groundball, 13, EV 87.5 MPH)
Batting: RHB Kieron Clark 0-0: Called Strike
0-1: Swinging Strike
0-2: Ball
1-2: Strikes out looking
Top of the 4th over - 0 runs, 0 hits, 0 errors, 0 left on base; Quad Cities 1 - Clinton 3
BOTTOM OF THE 4TH
Clinton LumberKings batting - Pitching for Quad Cities River Bandits : RHP Alexander Hagan
Batting: RHB Jung-wan Aan 0-0: Ball
1-0: Called Strike
1-1: Ball
2-1: Swinging Strike
2-2: Fly out, F8 (Flyball, 8RM, EV 86.2 MPH)
Batting: RHB Bryan Shuller 0-0: Swinging Strike
0-1: Ground out 5-3 (Groundball, 5S, EV 68.1 MPH)
Batting: RHB David Greene 0-0: Swinging Strike
0-1: Foul Ball, location: 2F
0-2: Strikes out swinging
Bottom of the 4th over - 0 runs, 0 hits, 0 errors, 0 left on base; Quad Cities 1 - Clinton 3
TOP OF THE 5TH
Quad Cities River Bandits batting - Pitching for Clinton LumberKings : LHP Carlos Munoz
Batting: LHB Fernando Gomez 0-0: Foul Ball, location: 2F
0-1: Fly out, F6 (Popup, 6MS, EV 75.0 MPH)
Batting: RHB Reginald McDougall 0-0: Ball
1-0: Ground out 6-3 (Groundball, 6, EV 83.8 MPH)
Batting: RHB Lee Wright 0-0: Ball
1-0: Called Strike
1-1: Ball
2-1: Ball
3-1: Base on Balls
Batting: LHB Bob Govella 0-0: Foul Ball, location: 2F
0-1: TRIPLE (Line Drive, 8RXD, EV 105.0 MPH)
Lee Wright scores
Batting: RHB Sean Mounts 0-0: Fly out, F7 (Flyball, 78M, EV 93.8 MPH)
Top of the 5th over - 1 run, 1 hit, 0 errors, 1 left on base; Quad Cities 2 - Clinton 3
BOTTOM OF THE 5TH
Clinton LumberKings batting - Pitching for Quad Cities River Bandits : RHP Alexander Hagan
Batting: RHB Antonio Oyola 0-0: Ball
1-0: Ball
2-0: Fly out, F9 (Flyball, 89M, EV 83.1 MPH)
Batting: LHB Josh Gottlieb 0-0: Called Strike
0-1: Called Strike
0-2: Foul Ball, location: 2F
0-2: Ground out U3 (Groundball, 3S, EV 67.5 MPH)
Batting: LHB Jason Kinney 0-0: Ball
1-0: Ball
2-0: Ball
3-0: Foul Ball, location: 2F
3-1: TRIPLE (Flyball, 78XD, EV 88.8 MPH)
Batting: RHB Kinzo Yokoyama 0-0: Ball
1-0: Ball
2-0: Foul Ball, location: 2F
2-1: DOUBLE (Groundball, 5L, EV 101.9 MPH)
Jason Kinney scores
Batting: SHB Frank Amato 0-0: Swinging Strike
0-1: Ball
1-1: Foul Ball, location: 2F
1-2: Strikes out swinging
Bottom of the 5th over - 1 run, 2 hits, 0 errors, 1 left on base; Quad Cities 2 - Clinton 4
TOP OF THE 6TH
Quad Cities River Bandits batting - Pitching for Clinton LumberKings : LHP Carlos Munoz
Batting: LHB Daigo Ishii 0-0: Ball
1-0: Ball
2-0: Ball
3-0: Foul Ball, location: 2F
3-1: Base on Balls
Batting: LHB Danny Wolver 0-0: Swinging Strike
0-1: Swinging Strike
0-2: Ball
1-2: Ball
2-2: Ball
3-2: Base on Balls
Daigo Ishii to second
Batting: RHB Andrew Pride 0-0: 3-RUN HOME RUN (Flyball, 7D, EV 103.8 MPH), Distance : 399 ft
Pitching: RHP Luis Pantoja
Batting: RHB Kieron Clark 0-0: Called Strike
0-1: Swinging Strike
0-2: Ball
1-2: Strikes out swinging
Batting: LHB Fernando Gomez 0-0: Called Strike
0-1: Foul Ball, location: 2F
0-2: Foul Ball, location: 2F
0-2: Ball
1-2: Foul Ball, location: 2F
1-2: Foul Ball, location: 2F
1-2: Ball
2-2: Foul Ball, location: 2F
2-2: Foul Ball, location: 2F
2-2: Strikes out swinging
Batting: RHB Reginald McDougall 0-0: Ground out U3 (Groundball, 3, EV 96.2 MPH)
Top of the 6th over - 3 runs, 1 hit, 0 errors, 0 left on base; Quad Cities 5 - Clinton 4
BOTTOM OF THE 6TH
Clinton LumberKings batting - Pitching for Quad Cities River Bandits : RHP Alexander Hagan
Batting: RHB Tze-meng Li 0-0: Ball
1-0: Foul Ball, location: 2F
1-1: Foul Ball, location: 2F
1-2: Strikes out swinging
Batting: RHB Jung-wan Aan 0-0: Ball
1-0: Called Strike
1-1: Ball
2-1: Ball
3-1: Foul Ball, location: 2F
3-2: Base on Balls
Pitching: RHP Carlos Zavala
Batting: RHB Bryan Shuller 0-0: Called Strike
0-1: Called Strike
0-2: Strikes out looking
Batting: RHB David Greene 0-0: Ball
1-0: Fielders Choice at 2nd, 6-4 (Groundball, 6, EV 85.6 MPH)
Bottom of the 6th over - 0 runs, 0 hits, 0 errors, 1 left on base; Quad Cities 5 - Clinton 4
TOP OF THE 7TH
Quad Cities River Bandits batting - Pitching for Clinton LumberKings : RHP Luis Pantoja
Batting: RHB Lee Wright 0-0: Fly out, F8 (Line Drive, 8RM, EV 92.5 MPH)
Batting: LHB Bob Govella 0-0: Ball
1-0: Ground out 5-3 (Groundball, 56, EV 86.2 MPH)
Batting: RHB Sean Mounts 0-0: Ball
1-0: Ball
2-0: Called Strike
2-1: Fly out, F4 (Popup, 4S, EV 78.8 MPH)
Top of the 7th over - 0 runs, 0 hits, 0 errors, 0 left on base; Quad Cities 5 - Clinton 4
BOTTOM OF THE 7TH
Clinton LumberKings batting - Pitching for Quad Cities River Bandits : RHP Carlos Zavala
Batting: RHB Antonio Oyola 0-0: Fly out, F9 (Flyball, 89S, EV 91.2 MPH)
Batting: LHB Josh Gottlieb 0-0: Ball
1-0: Ball
2-0: Ground out 4-3 (Groundball, 4, EV 85.0 MPH)
Batting: LHB Jason Kinney 0-0: Ball
1-0: Ball
2-0: Ball
3-0: Base on Balls
Batting: RHB Kinzo Yokoyama 0-0: Called Strike
0-1: Foul Ball, location: 2F
0-2: Ball
1-2: Fly out, F8 (Flyball, 8LD, EV 96.9 MPH)
Bottom of the 7th over - 0 runs, 0 hits, 0 errors, 1 left on base; Quad Cities 5 - Clinton 4
TOP OF THE 8TH
Quad Cities River Bandits batting - Pitching for Clinton LumberKings : RHP Luis Pantoja
Pitching: LHP Adam Schmidt
Batting: LHB Daigo Ishii 0-0: Ground out 5-3 (Groundball, 56S, EV 66.9 MPH)
Batting: LHB Danny Wolver 0-0: Called Strike
0-1: Ball
1-1: Ball
2-1: Foul Ball, location: 2F
2-2: Ground out 6-3 (Groundball, 6, EV 76.2 MPH)
Pitching: RHP Dave Williams
Batting: RHB Andrew Pride 0-0: Swinging Strike
0-1: Ball
1-1: Fly out, F3 (Popup, 3F, EV 60.0 MPH)
Top of the 8th over - 0 runs, 0 hits, 0 errors, 0 left on base; Quad Cities 5 - Clinton 4
BOTTOM OF THE 8TH
Clinton LumberKings batting - Pitching for Quad Cities River Bandits : RHP Carlos Zavala
Batting: SHB Frank Amato 0-0: Called Strike
0-1: Ball
1-1: Foul Ball, location: 2F
1-2: Ball
2-2: Foul Ball, location: 2F
2-2: Fly out, F8 (Flyball, 89M, EV 84.4 MPH)
Batting: RHB Tze-meng Li 0-0: Ball
1-0: SINGLE (Groundball, 6MD, EV 99.4 MPH)
Batting: RHB Jung-wan Aan 0-0: Hit by Pitch
Tze-meng Li to second
Pinch Hitting: RHB Chris Skaff 0-0: Ball
1-0: Ball
2-0: Ball
3-0: Base on Balls
Tze-meng Li to third
Jung-wan Aan to second
Batting: RHB David Greene 0-0: Foul Ball, location: 2LF, Error on foul ball, E2
0-1: Foul Ball, location: 2F
0-2: Ball
1-2: SINGLE (Groundball, 56S, EV 100.0 MPH)
Tze-meng Li scores
Jung-wan Aan to third
Chris Skaff to second
Batting: RHB Antonio Oyola 0-0: Swinging Strike
0-1: Ball
1-1: Fly out, F3 (Popup, 3S, EV 80.0 MPH)
Batting: LHB Josh Gottlieb 0-0: Called Strike
0-1: Ball
1-1: GRAND SLAM HOME RUN (Flyball, 9D, EV 98.8 MPH), Distance : 381 ft
Pitching: LHP Glenn Lowther
Batting: LHB Jason Kinney 0-0: Called Strike
0-1: Foul Ball, location: 2F
0-2: SINGLE (Groundball, 4D, EV 109.4 MPH)
Batting: RHB Kinzo Yokoyama Pickoff Throw to First - Out! 1-3 CS
Bottom of the 8th over - 5 runs, 4 hits, 1 error, 0 left on base; Quad Cities 5 - Clinton 9
TOP OF THE 9TH
Quad Cities River Bandits batting - Pitching for Clinton LumberKings : RHP Dave Williams
Now at 2B: Rich Justice
Batting: RHB Kieron Clark 0-0: SINGLE (Groundball, 6MD, EV 106.9 MPH)
Batting: LHB Fernando Gomez 0-0: Ball
1-0: Grounds into double play, U6-3 (Groundball, 4M, EV 103.8 MPH)
Pinch Hitting: LHB Aldo Kok 0-0: Ball
1-0: Ball
2-0: Called Strike
2-1: Foul Ball, location: 2F
2-2: SINGLE (Groundball, 4MD, EV 100.0 MPH)
Batting: RHB Lee Wright 0-0: Swinging Strike
0-1: Ball
1-1: Ball
2-1: Foul Ball, location: 2F
2-2: Foul Ball, location: 2F
2-2: Foul Ball, location: 2F
2-2: Strikes out swinging
Top of the 9th over - 0 runs, 2 hits, 0 errors, 1 left on base; Quad Cities 5 - Clinton 9
Tuesday, March 28th , 2023 - OOTP Baseball 23.10 Build 110